 Dungeon Crawl Stone Soup version 0.31.0-11-ge490571c62 (webtiles) character file.

Game seed: 2957298445849156291

3009 jestert79 the Grappler (level 9, -12/120 HPs)
             Began as a Troll Shapeshifter on Jan 27, 2024.
             Was an Initiate of Kikubaaqudgha.
             Mangled by an orc warrior
             ... wielding a +0 glaive
              (19 damage)
             ... on level 10 of the Dungeon.
             The game lasted 00:15:42 (5173 turns).

jestert79 the Grappler (Troll Shapeshifter)         Turns: 5173, Time: 00:15:43

Health: -12/120    AC:  6    Str: 24    XL:     9   Next: 54%
Magic:  8/8        EV: 10    Int: 10    God:    Kikubaaqudgha [......]
Gold:   498        SH:  0    Dex:  9    Spells: 8/8 levels left

rFire   . .          .
                       - Unarmed
rCold   + . .        (no shield)
rNeg    . . .        p - +2 robe {rC+}
rPois   .            (helmet currently unavailable)
rElec   .            (cloak currently unavailable)
rCorr   .            (gloves unavailable)
SInv    .            (boots unavailable)
Will    .....        s - amulet of regeneration Stlth
                     l - ring of wizardry
HPRegen 2.00/turn    (no ring)
MPRegen 0.11/turn

%: wizardry (x1)
@: berserking, beast-form, very quick
A: beast (slay +4), large, unfitting armour, claws 3, regeneration 1, shaggy fur
1, tough skin 1
a: Begin Untransformation, Renounce Religion


You were on level 10 of the Dungeon.
You worshipped Kikubaaqudgha.
Kikubaaqudgha was noncommittal.
You were a hulking beast.
You visited 2 branches of the dungeon, and saw 11 of its levels.

You collected 498 gold pieces.

Inventory:

Missiles
 f - a curare-tipped dart (quivered)
 z - 6 boomerangs
 C - 8 poisoned darts
Armour
 p - a +2 robe of cold resistance (worn)
Jewellery
 l - a ring of wizardry (left claw)
 s - an amulet of regeneration (around neck)
 v - a ring of fire
Talismans
 c - a beast talisman
 d - a flux talisman
 D - a serpent talisman
Wands
 w - a wand of flame (53)
Scrolls
 a - a scroll of revelation
 g - 3 scrolls of teleportation {unknown}
 i - 2 scrolls of fear {unknown}
 m - 2 scrolls of acquirement {unknown}
 t - a scroll of noise {unknown}
 x - a scroll of enchant armour {unknown}
 y - a scroll of immolation {unknown}
 B - 2 scrolls of brand weapon {unknown}
 E - 2 scrolls of enchant weapon {unknown}
Potions
 b - 3 potions of lignification
 e - a potion of invisibility {unknown}
 j - 2 potions of haste
 n - a potion of degeneration
 o - 5 potions of might {unknown}
 q - 2 potions of brilliance
 r - 3 potions of curing
 u - a potion of cancellation
 A - 2 potions of attraction
 F - a potion of enlightenment {unknown}


   Skills:
 + Level 2.8 Fighting
 + Level 3.2 Dodging
 + Level 9.3 Unarmed Combat
 + Level 8.6 Shapeshifting


You had 8 spell levels left.
You didn't know any spells.
Your spell library contained the following spells:

 Spells                   Type           Power      Damage    Failure   Level
 Ozocubu's Armour         Ice            0%         N/A       41%         3
 Metabolic Englaciation   Hex/Ice        0%         N/A       98%         5
 Sculpt Simulacrum        Ice/Alch       0%         N/A       100%        6


Dungeon Overview and Level Annotations

Branches:
Dungeon (11/15)            Temple (1/1) D:7
   Lair: D:8-11         Orc: D:9-12

Altars:
Ashenzari
Cheibriados
Dithmenos
Elyvilon
Fedhas
Gozag
Hepliaklqana
Kikubaaqudgha
Makhleb
Nemelex Xobeh
Okawaru
Qazlal
Ru
Sif Muna
Trog
Vehumet
Wu Jian
Xom
Yredelemnul
Zin
The Shining One

Shops:
D:4 *


Innate Abilities, Weirdness & Mutations

You are a hulking beast.
Your limbs bulge with bestial killing power. (Slay +4)
You are too large for most types of armour.
You have claws for hands.
Your natural rate of healing is unusually fast.
You are covered in fur. (AC +1)
You have tough skin. (AC +1)


Message History

You barely miss the orc.
The orc is severely wounded.
The orc warrior hits you from afar with a +0 glaive!
The orc wizard mumbles some strange words.
The orc wizard flickers and vanishes!
Deactivating autopickup; reactivate with Ctrl-A.
The orc hits you with a +0 hand axe.
The orc warrior hits you with a +0 glaive!!
The orc hits you with a +0 hand axe.
You scratch the orc warrior but do no damage.
The orc warrior hits you with a +0 glaive!
* * * LOW HITPOINT WARNING * * *
The orc hits you with a +0 hand axe.
* * * LOW HITPOINT WARNING * * *
You barely miss the orc warrior.
The orc warrior hits you with a +0 glaive!
* * * LOW HITPOINT WARNING * * *
A magic dart appears from out of thin air!
The magic dart hits you!
* * * LOW HITPOINT WARNING * * *
The orc barely misses you.
You feel much better.
The orc warrior hits you with a +0 glaive!!
* * * LOW HITPOINT WARNING * * *
A magic dart appears from out of thin air!
The magic dart hits you.
* * * LOW HITPOINT WARNING * * *
The orc barely misses you.
A red film seems to cover your vision as you go berserk!
You feel yourself moving faster!
You feel mighty! The orc warrior barely misses you. The orc barely misses you.
You mangle the orc warrior!!
The orc warrior is severely wounded.
You completely miss the orc warrior.
The orc warrior is severely wounded.
You closely miss the orc warrior.
The orc warrior is severely wounded.
The orc warrior hits you with a +0 glaive!!
You die...
Kikubaaqudgha rasps: "You have failed me!
Welcome... death!"

*,+∩+,** ****#..##### ***+****
*,,,...#)... ****** *,,,,*
##+###..#.≈≈≈ ,,,,,*
#######+####.......#.≈.. ,,,,,*
#.........##.......#.≈.# ,,,,,*
**#.........##.......#.≈.#
,,,,,***,'.........##.......#.≈.#
,,,,,**,,#.....oo...#......≈.#.W.
,,,,,*,,*#....{.h..........≈.#.≈.
,,,,,*,**#.........#.......≈.#.≈.
,,,,,,,* #.........##......≈.#.≈≈
,,,,,*** #.........##...$..≈.#...
,***** #####+######......≈.####
,* *,* #####+#≈..... ,* *,*
#..≈≈≈≈≈≈ ,* *,* ##..##### ,* *,*
#.######


You could see an orc warrior and an orc.

Vanquished Creatures
  A two-headed ogre (D:8)
  Sigmund (D:4)
  3 yaks (D:8)
  A shadow (D:7)
  Eustachio (D:4)
  A steam dragon (D:6)
  Edmund (D:6)
  2 ice beasts
  An ogre (D:4)
  2 kobold brigands
  A bullfrog (D:6)
  A scorpion (D:7)
  An electric eel (D:10)
  4 hounds
  2 jellies
  A bombardier beetle (D:5)
  A gnoll bouda (D:7)
  An orc priest (D:7)
  Jessica (D:2)
  Terence (D:2)
  4 iguanas
  2 sleepcaps
  An orc wizard (D:7)
  5 gnolls (D:7)
  9 adders
  A shadow imp (D:7)
  A ribbon worm (D:2)
  2 dart slugs
  11 orcs
  A bat (D:3)
  An endoplasm (D:1)
  4 giant cockroaches
  10 hobgoblins
  7 jackals
  12 kobolds
  A quokka (D:1)
  4 ball pythons
  2 frilled lizards (D:2)
  14 goblins
  6 rats
126 creatures vanquished.

Vanquished Creatures (others)
  A quokka (D:7)
1 creature vanquished.

Grand Total: 127 creatures vanquished

Notes
Turn   | Place    | Note
-------+----------+-------------------------------------------
     0 | D:1      | jestert79 the Troll Shapeshifter began the quest for the
                  | Orb.
     0 | D:1      | Reached XP level 1. HP: 18/18 MP: 0/0
   186 | D:1      | Reached XP level 2. HP: 21/26 MP: 1/1
   629 | D:2      | Noticed Terence
   642 | D:2      | Killed Terence
   643 | D:2      | Reached XP level 3. HP: 9/32 MP: 2/2
   689 | D:2      | Reached skill level 4 in Unarmed Combat
   818 | D:2      | Noticed Jessica
   820 | D:2      | Killed Jessica
   821 | D:2      | Reached XP level 4. HP: 36/40 MP: 3/3
  1242 | D:3      | Found a basalt altar of Yredelemnul.
  1278 | D:3      | Found a stormy altar of Qazlal.
  1294 | D:3      | Found an ornate altar of the Wu Jian Council.
  1373 | D:3      | Found a glowing silver altar of Zin.
  1678 | D:3      | Found a radiant altar of Vehumet.
  1778 | D:4      | Reached XP level 5. HP: 46/46 MP: 4/4
  1817 | D:4      | Noticed Eustachio
  1854 | D:4      | Killed Eustachio
  1855 | D:4      | Reached skill level 5 in Unarmed Combat
  1855 | D:4      | Reached XP level 6. HP: 45/54 MP: 5/5
  1944 | D:4      | Reached skill level 5 in Shapeshifting
  2039 | D:4      | Found Vopp's Fire Supplies.
  2187 | D:4      | HP: 2/54 [ogre/+0 giant spiked club (26)]
  2232 | D:4      | Noticed Sigmund
  2238 | D:4      | Killed Sigmund
  2239 | D:4      | Reached skill level 6 in Unarmed Combat
  2239 | D:4      | Reached XP level 7. HP: 55/61 MP: 6/6
  2481 | D:4      | Found a broken altar of Ashenzari.
  2849 | D:5      | Entered Level 5 of the Dungeon
  2869 | D:5      | Found a blossoming altar of Fedhas.
  3079 | D:5      | Found a glowing golden altar of the Shining One.
  3447 | D:6      | Reached skill level 7 in Unarmed Combat
  3549 | D:6      | Noticed Edmund
  3564 | D:6      | Killed Edmund
  3565 | D:6      | Reached XP level 8. HP: 58/67 MP: 7/7
  3763 | D:6      | Found a burning altar of Makhleb.
  3789 | D:6      | Found a shimmering altar of Xom.
  3829 | D:6      | Reached skill level 8 in Unarmed Combat
  4115 | D:7      | Found a staircase to the Ecumenical Temple.
  4422 | Temple   | Entered the Ecumenical Temple
  4442 | Temple   | Became a worshipper of Kikubaaqudgha
  4470 | D:7      | Found a sparkling altar of Nemelex Xobeh.
  4524 | D:7      | Reached skill level 1 in Fighting
  4712 | D:7      | Found a white marble altar of Elyvilon.
  4740 | D:7      | Reached XP level 9. HP: 71/76 MP: 8/8
  4894 | D:8      | Noticed a two-headed ogre
  4949 | D:8      | Killed a two-headed ogre
  4950 | D:8      | Reached skill level 9 in Unarmed Combat
  5128 | D:8      | You fall into a shaft and drop 3 floors!
  5134 | D:10     | Entered Level 10 of the Dungeon
  5137 | D:10     | Found a sacrificial altar of Ru.
  5168 | D:10     | HP: 2/80 [something/magic dart (7)]
  5173 | D:10     | Mangled by an orc warrior

Illustrated notes

Levels and vault maps discovered:
D:1:      lightli_arrival_statuegarden, layout_rooms
D:2:      layout_loops_ring, uniq_jessica, uniq_terence
D:3:      layout_rooms, mainiacjoe_overflow_boulevard, vehumet_altar_wand_db,
          lemuel_coloured_pillars_altar, nzn_wu_jian_contemplation,
          mainiacjoe_overflow_catwalk, serial_rivers,
          chequers_serial_rivers_micro_e, chequers_serial_rivers_micro_b,
          chequers_serial_rivers_small_b, chequers_serial_rivers_micro_d,
          chequers_serial_rivers_large_a, chequers_serial_rivers_large_b
D:4:      cheibrodos_greedy_goblins, layout_loops_corners, ashenzari_altar_1,
          nicolae_shop_fire_sale [nicolae_sub_dead_trees], uniq_sigmund,
          uniq_eustachio
D:5:      layout_cave_pools, tso_metal_star, general_overflow_altar,
          serial_column_ruins, column_ruins_hut_pillars, column_ruins_hut,
          column_ruins_grid_1, column_ruins_open_tiny,
          column_ruins_columns_straight, column_ruins_open_tiny,
          column_ruins_grid_1, column_ruins_corridor_water
D:6:      layout_rooms, xom_butterflies, kennysheep_mini, uniq_edmund
D:7:      layout_basic, elyvilon_altar_4, nicolae_overflow_crystal_walls,
          minmay_temple_entry_statues
D:8:      layout_basic, serial_shops, nicolae_shop_tiny_real_fake_doors,
          nicolae_wooded_promenade, kennysheep_generic_room_13
D:10:     layout_roguey, nicolae_overflow_squiral, enter_bailey_2, serial_shops,
          nicolae_shop_behind_doors
D:11:     layout_cave_pods, lair_entry_dummy,
          kennysheep_orc_monster_closet_entryway, enter_trove_0,
          nicolae_elevator_lobby_asterisk
Temple:   hellmonk_temple_of_storms

Skill      XL: |  1  2  3  4  5  6  7  8  9 |
---------------+----------------------------+-----
Unarmed Combat | 4 5 6 7 8 9 |  9.3
Shapeshifting  | 4 5 6 8 |  8.6
Fighting       | 1 2 |  2.8
Dodging        | 3 |  3.2

Action                     |  1- 3 |  4- 6 |  7- 9 || total
---------------------------+-------+-------+-------++-------
  Melee: Unarmed           |    55 |   102 |   191 ||   348
         Punch             |     1 |     3 |     8 ||    12
  Throw: Boomerang         |       |     1 |     2 ||     3
         Dart              |       |       |     1 ||     1
  Evoke: Wand              |       |       |     2 ||     2
    Use: Scroll            |       |       |     9 ||     9
         Potion            |       |       |     2 ||     2
 Armour: Animal skin       |    27 |       |       ||    27
         Robe              |       |    65 |   113 ||   178
  Dodge: Dodged            |    22 |    55 |    77 ||   154
